 Dungeon Crawl Stone Soup version 0.28.0-56-g4927b6849a (webtiles) character file.

Game seed: 7335457761633991171

75 Atelerd the Sneak (level 4, -2/27 HPs)
             Began as an Octopode Earth Elementalist on Jan 28, 2023.
             Slain by an orc priest
             ... wielding a +0 mace
              (7 damage)
             ... on level 4 of the Dungeon.
             The game lasted 00:03:04 (2296 turns).

Atelerd the Sneak (Octopode Earth Elementalist)     Turns: 2296, Time: 00:03:04

Health: -2/27      AC:  1    Str:  7    XL:     4   Next: 31%
Magic:  4/7        EV: 13    Int: 19    God:
Gold:   137        SH:  0    Dex: 12    Spells: 7/8 levels left

rFire   . . .      SeeInvis .   c - +0 dagger
rCold   . . .      Faith    .   (no shield)
rNeg    . . .      Spirit   .   (helmet restricted)
rPois   .          Reflect  .   (no amulet)
rElec   .          Harm     .   (no ring)
rCorr   .          Rampage  .   (no ring)
Will    .....                   (no ring)
Stlth   +++.......              (no ring)
HPRegen 0.09/turn               (no ring)
MPRegen 0.10/turn               (no ring)
                                (no ring)
                                (no ring)

@: no status effects
A: almost no armour, amphibious, 8 rings, camouflage 1, gelatinous body 1,
(nimble swimmer 1), tentacles
a: no special abilities


You were on level 4 of the Dungeon.
You visited 1 branch of the dungeon, and saw 4 of its levels.

You collected 137 gold pieces.

Inventory:

Hand Weapons
 c - a +0 dagger (weapon)
Missiles
 b - 106 stones
Jewellery
 f - a +4 ring of protection
 h - a ring of positive energy
 i - an amulet of the acrobat
Scrolls
 d - a scroll of identify
 e - a scroll of magic mapping
 g - a scroll of blinking
Potions
 a - a potion of heal wounds {unknown}
 j - 2 potions of curing {unknown}
 k - a potion of haste {unknown}


   Skills:
 - Level 2.0 Dodging
 + Level 3.8 Stealth
 + Level 2.6 Spellcasting
 + Level 2.1 Transmutations
 + Level 3.5 Earth Magic


You had 7 spell levels left.
You knew the following spells:

 Your Spells              Type           Power      Damage    Failure   Level
a - Sandblast             Erth           32%        2d9       3%          1

Your spell library contained the following spells:

 Spells                   Type           Power      Damage    Failure   Level
 Passwall                 Tmut/Erth      10%        N/A       8%          2
 Summon Small Mammal      Summ           8%         N/A       16%         1
 Stone Arrow              Conj/Erth      18%        3d8       22%         3
 Call Canine Familiar     Summ           2%         N/A       43%         3
 Summon Guardian Golem    Hex/Summ       2%         N/A       43%         3
 Petrify                  Tmut/Erth      13%        N/A       43%         4


Dungeon Overview and Level Annotations

Branches:
Dungeon (4/15)             Temple (0/1) D:4

Altars:


Innate Abilities, Weirdness & Mutations

You cannot wear most types of armour.
You are amphibious.
You can wear up to eight rings at the same time.
Your skin changes colour to match your surroundings (Stealth+).
Your rubbery body absorbs attacks. (AC +1, EV +1)
((You are camouflaged when in or above water. (Stealth+)))
You have tentacles for arms and can constrict up to eight enemies at once.


Message History

You constrict the adder.
You kill the adder!
The orc priest closely misses you.
You hit the orc priest but do no damage.
You grab the orc priest.
You constrict the orc priest, but do no damage.
The orc priest invokes the aid of Beogh against you.
Beogh smites you!
* * * LOW HITPOINT WARNING * * *
You are too injured to fight recklessly!
Casting: Sandblast (safe; 3% risk of failure)
Confirm with . or Enter, or press ? or * to list all spells.
Aiming: Sandblast (safe; 3% risk of failure)
Press: ? - help, Shift-Dir - straight line, f - orc priest
Aim: an orc priest, wielding a +0 mace and wearing a +0 leather armour (constricted by you, 100% to hit)
The blast of sand hits the orc priest.
The orc priest is lightly wounded.
You constrict the orc priest, but do no damage.
The orc priest closely misses you.
Unknown command.
Casting: Sandblast (safe; 3% risk of failure)
Confirm with . or Enter, or press ? or * to list all spells.
Aiming: Sandblast (safe; 3% risk of failure)
Press: ? - help, Shift-Dir - straight line, f/p - orc priest
Aim: an orc priest, wielding a +0 mace and wearing a +0 leather armour (lightly wounded, constricted by you, 100% to hit)
The blast of sand hits the orc priest but does no damage.
The orc priest is lightly wounded.
You constrict the orc priest, but do no damage.
The orc priest hits you with a +0 mace.
* * * LOW HITPOINT WARNING * * *
Unknown command.
Casting: Sandblast (safe; 3% risk of failure)
Confirm with . or Enter, or press ? or * to list all spells.
Aiming: Sandblast (safe; 3% risk of failure)
Press: ? - help, Shift-Dir - straight line, f/p - orc priest
Aim: an orc priest, wielding a +0 mace and wearing a +0 leather armour (lightly wounded, constricted by you, 100% to hit)
The blast of sand hits the orc priest!
The orc priest is heavily wounded.
You constrict the orc priest. The orc priest hits you with a +0 mace!
You die...

,+,,**,**,,,,*,*#..............#.
,**,,***,,,,,*,*#..............#.
,***,,*,,,,,,*,*#####'####.....#.
** **,,,******,* #.....#.....#.
**********,* ###..#..#.....#.
*******,,,,,**,* #....#..........
,,,,,,,,,,,,**,*##...###.........
,,,,,,,,,,,,**,##.............†..
,,,,,,,,,,,,**,#@..#.....#...##..
*******,,,,,*#.o.###..>..###.##..
*,,,,.......,#.....#.......
*,,...................#####
*,,.......##...###....$....
*,,.......**#..,*,..#######
*,,...####***#..*,,,,..?...
*,,...,,,,,,,,...,,*,#.O..#
********,,,,******,,,,,,,,,#....*


You could see an orc priest.

Vanquished Creatures
  An iguana (D:4)
  2 adders
  An adder skeleton (D:4)
  A dart slug (D:2)
  2 orcs (D:4)
  3 ball pythons
  2 bats
  An endoplasm (D:2)
  A giant cockroach (D:2)
  3 goblins
  3 hobgoblins (D:2)
  A frilled lizard (D:2)
  3 kobolds
  A rat (D:1)
25 creatures vanquished.

Notes
Turn   | Place    | Note
-------+----------+-------------------------------------------
     0 | D:1      | Atelerd the Octopode Earth Elementalist began the quest for
                  | the Orb.
     0 | D:1      | Reached XP level 1. HP: 11/11 MP: 3/3
   153 | D:1      | Found a faded altar of an unknown god.
   666 | D:1      | Reached XP level 2. HP: 17/17 MP: 5/5
  1733 | D:3      | Reached XP level 3. HP: 17/21 MP: 4/6
  2040 | D:3      | Noticed an ice beast
  2101 | D:4      | Found a staircase to the Ecumenical Temple.
  2113 | D:4      | Reached XP level 4. HP: 3/27 MP: 0/7
  2247 | D:4      | Noticed an ogre
  2296 | D:4      | Slain by an orc priest

Illustrated notes

Levels and vault maps discovered:
D:1:      dpeg_arrival_shrine, layout_loops_corners,
          dreamdust_ecumenical_altar_grove, chequers_serial_rivers_small_a
D:2:      layout_rooms
D:3:      layout_basic
D:4:      layout_basic, minmay_temple_entry_tees, enter_ossuary_5

Skill      XL: |  1  2  3 |
---------------+----------+-----
Stealth        | 3 |  3.8
Transmutations | 2 |  2.1
Dodging        | |  2.0
Spellcasting   | |  2.6
Earth Magic    | |  3.5

Action                   |  1- 3 |  4- 6 || total
-------------------------+-------+-------++-------
Melee: Dagger            |    15 |     2 ||    17
       Constrict         |     5 |     2 ||     7
       Tentacles         |     3 |       ||     3
       Punch             |     1 |       ||     1
 Cast: Sandblast         |    28 |     5 ||    33
  Use: Scroll            |     3 |       ||     3
 Stab: Sleeping          |     2 |     1 ||     3
Armor: Skin              |     1 |       ||     1
Dodge: Dodged            |    17 |     2 ||    19
